AoeStats
← Gobbor

Arabia

510150031Analyzed
2v2 RM · 2d ago on Sep 29, 2026· 65m 17s· 4 players
Game mode
Random Map
Map size
Medium (4 player)
Population
200
Speed
Normal
Resources
Standard
Victory
Conquest
Starting age
Dark Age
Ending age
Imperial Age
RankedLock teamsTeams togetherTeam positionsShared explorationLock speedFull tech treeHidden civsTurbo modeCheats
Victory
Defeat
🇪🇸 Vietnamese · Spain
670
+16
🇪🇸 Bohemians · Spain
653
+17
🇩🇰 Cumans · Denmark
706
-17
🇨🇿 Malay · Czechia
652
-16
Gobbor
0:35 Loom
11:03 Feudal Age
12:24 Double-Bit Axe
13:49 Wheelbarrow
17:00 Horse Collar
20:48 Gold Mining
20:49 Stone Mining
26:30 Bloodlines
28:43 Castle Age
29:55 Thumb Ring
30:28 Hand Cart
33:21 Caravan
33:40 Padded Archer Armor
33:31 Fletching
34:49 Bow Saw
35:09 Heavy Plow
35:48 Gold Shaft Mining
36:03 Bodkin Arrow
36:23 Leather Archer Armor
41:57 Imperial Age
43:10 Conscription
42:11 Elite Kipchak
43:42 Ring Archer Armor
44:15 Chemistry
43:35 Ballistics
43:45 Parthian Tactics
54:02 Cuman Mercenaries
58:33 Crop Rotation
59:04 Two-Man Saw
Janion
8:23 Loom
13:23 Feudal Age
13:16 Double-Bit Axe
15:45 Horse Collar
22:43 Wheelbarrow
23:25 Forging
23:07 Man-at-Arms
33:43 Castle Age
32:10 Arson
35:54 Fishing Lines
36:52 Stone Mining
36:52 Gold Mining
40:19 Thalassocracy
41:05 Bow Saw
41:17 Scale Barding Armor
41:49 Iron Casting
41:05 Treadmill Crane
44:21 Heavy Plow
44:54 Gillnets
51:34 Pikeman
51:35 Long Swordsman
52:18 Squires
55:05 Imperial Age
52:52 Hand Cart
54:46 Gold Mining
55:32 Stone Shaft Mining
55:23 Murder Holes
55:24 Guard Tower
j0w1_69
6:21 Loom
13:07 Feudal Age
15:21 Horse Collar
16:02 Double-Bit Axe
17:36 Wheelbarrow
18:36 Fletching
18:46 Padded Archer Armor
20:51 Scale Mail Armor
26:53 Castle Age
28:36 Hand Cart
29:45 Crossbowman
31:50 Caravan
33:22 Bow Saw
33:16 Heavy Plow
33:03 Pikeman
33:43 Squires
34:16 Husbandry
34:40 Bodkin Arrow
35:00 Leather Archer Armor
41:19 Ballistics
41:59 Chemistry
41:18 Leather Archer Armor
41:09 Scale Barding Armor
41:16 Forging
41:23 Chain Mail Armor
47:35 Imperial Age
48:37 Fortified Wall
49:32 Conscription
48:34 Elite Hussite Wagon
53:49 Houfnice
59:53 Arbalester
aleixmn8.s
0:26 Loom
11:20 Feudal Age
11:50 Double-Bit Axe
14:10 Gold Mining
15:31 Fletching
16:27 Padded Archer Armor
19:48 Wheelbarrow
18:56 Horse Collar
23:49 Castle Age
24:29 Stone Mining
25:12 Heavy Plow
25:34 Bow Saw
25:07 Crossbowman
25:55 Thumb Ring
25:50 Bodkin Arrow
26:10 Leather Archer Armor
31:13 Ballistics
37:00 Chatras
37:28 Fortified Wall
37:31 Scale Barding Armor
39:59 Chain Barding Armor
42:08 Hand Cart
42:26 Town Watch
48:46 Imperial Age
49:33 Elite Rattan Archer
50:55 Paper Money
49:57 Elite Battle Elephant
51:14 Bracer
51:44 Ring Archer Armor
51:48 Crop Rotation
52:20 Two-Man Saw
52:23 Chemistry
51:21 Murder Holes
51:07 Treadmill Crane
50:53 Elite Skirmisher
51:37 Husbandry
52:15 Plate Barding Armor
51:51 Forging
51:42 Scale Mail Armor
Connection lost

Rejoining the realm…

Still unreachable

The connection could not be restored.

Session expired

The server has moved on; the page needs a fresh start.